Selects Australian Defense Battlegroup
Selects Australian Light Infantry Section
Australian Light Infantry Section
Construct Section Command Post
Australian Light Infantry Section
Selects 2-pounder Anti-tank Gun Team
2-pounder Anti-tank Gun Team
Construct Platoon Command Post
Construct Company Command Post
Selects Vehicle Over Repair
2-pounder Anti-tank Gun Team
Unlock M3 Grant Medium Tanks
Selects CMP 15cwt Supply Run